[Event "Team 45 45 League T49"]
[Site "Internet Chess Club"]
[Date "2011.06.12"]
[Round "5"]
[White "Chess-Dream"]
[Black "aww-rats"]
[Result "0-1"]
[WhiteElo "1930"]
[BlackElo "2100"]
[Opening "English: four knights, Marini variation"]
[ECO "A28"]
[Time "20:00:30"]
[TimeControl "2700+45"]

1. c4 e5 2. Nc3 Nf6 3. Nf3 Nc6 4. a3 g6 5. g3 Bg7 6. Bg2 O-O 7. O-O d6 8. d3 Nh5
9. Rb1 h6 10. b4 Be6 11. Nd5 Ne7 12. Nxe7+ Qxe7 13. Ne1 c6 14. b5 d5 15. cxd5
cxd5 16. Nc2 Rfc8 17. Nb4 Qd7 18. a4 Nf6 19. Bb2 d4 20. Re1 Bf8 21. Bc1 Bxb4 22.
Rxb4 Nd5 23. Rc4 Nc3 24. Rxc8+ Rxc8 25. Qd2 g5 26. f4 f6 27. fxe5 fxe5 28. h4
Bd5 29. Bxd5+ Nxd5 30. Kh2 Qf7 31. hxg5 Ne3 {White resigns} 0-1

[Event "Team 45 45 League T49"]
[Site "Internet Chess Club"]
[Date "2011.06.12"]
[Round "5"]
[White "playwaycool"]
[Black "leland"]
[Result "1-0"]
[WhiteElo "2115"]
[BlackElo "1859"]
[Opening "Trompowsky attack (Ruth, Opocenský opening)"]
[ECO "A45"]
[Time "19:31:07"]
[TimeControl "2700+45"]

1. d4 Nf6 2. Bg5 g6 3. Bxf6 exf6 4. e3 Bg7 5. Ne2 O-O 6. h4 h6 7. h5 g5 8. Ng3
d5 9. Bd3 Nc6 10. c3 Ne7 11. Qc2 Qd7 12. Nd2 f5 13. O-O-O b6 14. c4 c6 15. Kb1
Rd8 16. Rhe1 a6 17. a3 b5 18. cxd5 cxd5 19. Nb3 Qc6 20. Qxc6 Nxc6 21. Bxf5 Bxf5+
22. Nxf5 Bf8 23. Rc1 Rac8 24. Rc2 Na7 25. Rec1 Rxc2 26. Rxc2 b4 27. a4 Rc8 28.
Rxc8 Nxc8 29. a5 Nd6 30. Nxd6 Bxd6 31. Nc5 Bc7 32. Nxa6 Bxa5 33. Kc2 Kf8 34. Kb3
Ke7 35. Ka4 Bd8 36. Kxb4 Kd6 37. Kb5 f5 38. Nc5 f4 39. exf4 gxf4 40. Nb7+ Kc7
41. Nxd8 Kxd8 42. Kc6 {Black resigns} 1-0

[Event "Team 45 45 League T49"]
[Site "Internet Chess Club"]
[Date "2011.06.15"]
[Round "5"]
[White "Extremophile"]
[Black "lacibacsi"]
[Result "1-0"]
[WhiteElo "2177"]
[BlackElo "2027"]
[Opening "King's Indian: orthodox, Aronin-Taimanov, 9.Ne1"]
[ECO "E98"]
[Time "16:13:53"]
[TimeControl "2700+45"]

1. Nf3 Nf6 2. d4 g6 3. c4 Bg7 4. Nc3 O-O 5. e4 d6 6. Be2 e5 7. O-O Nc6 8. d5 Ne7
9. Ne1 Nd7 10. Be3 f5 11. f3 f4 12. Bf2 g5 13. Nd3 Nf6 14. c5 Ng6 15. Rc1 Rf7
16. a4 Bf8 17. a5 h5 18. a6 Rg7 19. axb7 Bxb7 20. Nb5 g4 21. Kh1 g3 22. Bg1 Bc8
23. cxd6 cxd6 24. Rxc8 Qxc8 25. h3 a6 26. Na3 Rb7 27. Qa4 Qd7 28. Qc6 a5 29. Rc1
Ne7 30. Nxe5 Qxc6 31. dxc6 Rxb2 32. Bc4+ Kh7 33. Nd3 Rbb8 34. c7 Rc8 35. Nxf4
Bh6 36. Be3 Ng6 37. Bd5 Nxd5 38. Nxd5 Bxe3 39. Nxe3 Ra7 40. Nd5 Rb7 41. Kg1 Ne5
42. Rc3 Kg7 43. f4 Nd7 44. Rxg3+ Kf7 45. Nc4 Rcxc7 46. Nxd6+ Ke6 47. Rg6+ {Black
resigns} 1-0

[Event "Team 45 45 League T49"]
[Site "Internet Chess Club"]
[Date "2011.06.12"]
[Round "5"]
[White "mers37"]
[Black "nb"]
[Result "1-0"]
[WhiteElo "1939"]
[BlackElo "2061"]
[Opening "English: symmetrical, hedgehog system"]
[ECO "A13"]
[Time "09:34:00"]
[TimeControl "2700+45"]

1. Nf3 e6 2. c4 Nf6 3. g3 b6 4. Bg2 Bb7 5. O-O c5 6. Nc3 Be7 7. d4 cxd4 8. Qxd4
d6 9. Bg5 a6 10. Rfd1 Nbd7 11. Rac1 O-O 12. b3 Rc8 13. Qd2 Re8 14. Bf4 e5 15.
Bg5 h6 16. Bxf6 Nxf6 17. Ne1 e4 18. Nc2 Ng4 19. Nxe4 Bxe4 20. Bxe4 Bg5 21. f4
Rxe4 22. fxg5 b5 23. g6 Qb6+ 24. e3 bxc4 25. gxf7+ Kf8 26. bxc4 Nxe3 27. Nxe3
Qxe3+ 28. Qxe3 Rxe3 29. Rxd6 Ra3 30. Rc2 Ra5 31. Rf2 Rac5 32. Rxa6 Rxc4 33. Ra7
R4c7 34. Rxc7 Rxc7 35. Kf1 Re7 36. Rf3 Re6 37. a3 Re5 38. Kf2 Re6 39. g4 Re5 40.
Kg3 Re1 41. Kh4 Re2 42. h3 Re5 43. Rf5 Re4 44. Kg3 Re3+ 45. Rf3 Re1 46. Kf2 Re5
47. h4 Re4 48. Kg3 Re1 49. g5 hxg5 50. hxg5 Rg1+ 51. Kh4 Rh1+ 52. Kg4 g6 53. Rf6
Rg1+ 54. Kf4 Ra1 55. Rxg6 Kxf7 56. Ra6 Rf1+ 57. Ke4 Re1+ 58. Kd3 Rd1+ 59. Kc2
Rd5 60. g6+ Kg7 61. a4 Rc5+ 62. Kb3 Rc1 63. Rd6 Rb1+ 64. Kc4 Rc1+ 65. Kb5 Rb1+
66. Ka6 {Black resigns} 1-0

[Event "Team 45 45 League T49"]
[Site "Internet Chess Club"]
[Date "2011.06.12"]
[Round "5"]
[White "jorobo"]
[Black "SimplyClaudia"]
[Result "1-0"]
[WhiteElo "1963"]
[BlackElo "1736"]
[Opening "QGD: Neo-orthodox variation, 7.Bh4"]
[ECO "D56"]
[Time "22:02:03"]
[TimeControl "2700+45"]

1. c4 e6 2. Nc3 d5 3. d4 Nf6 4. Bg5 Be7 5. e3 h6 6. Bh4 O-O 7. Nf3 Nbd7 8. Rc1
b6 9. cxd5 exd5 10. Be2 Bb7 11. O-O c5 12. dxc5 bxc5 13. Qc2 Ng4 14. Bg3 Qb6 15.
Rfd1 Qe6 16. Qb3 Nb6 17. Nb5 Qc6 18. h3 c4 19. Nfd4 Qg6 20. Qc2 Qxc2 21. Rxc2
Nf6 22. Nf5 Bc5 23. Be5 Nbd7 24. Bc3 Rfd8 25. Bf3 Bc6 26. Nbd4 Bxd4 27. Ne7+ Kf8
28. Nxc6 Bxc3 29. Nxd8 Rxd8 30. Rxc3 Ne5 31. b3 cxb3 32. Rxb3 Nxf3+ 33. gxf3 Rd7
34. Rd4 Ke7 35. Ra3 Rb7 36. Rda4 Rb1+ 37. Kg2 {Black resigns} 1-0

[Event "Team 45 45 League T49"]
[Site "Internet Chess Club"]
[Date "2011.06.10"]
[Round "5"]
[White "DreadHead"]
[Black "Uwak"]
[Result "1/2-1/2"]
[WhiteElo "2251"]
[BlackElo "2406"]
[Opening "English opening"]
[ECO "A20"]
[Time "10:00:55"]
[TimeControl "2700+45"]

1. c4 e5 2. g3 Nc6 3. Bg2 f5 4. Nc3 Nf6 5. e3 g6 6. Nge2 Bg7 7. O-O O-O 8. d4 d6
9. Rb1 Kh8 10. b4 Qe7 11. b5 Nd8 12. dxe5 dxe5 13. Qa4 Re8 14. Ba3 Qf7 15. Rfd1
e4 16. Nd5 Ng4 17. Bb2 Ne6 18. Bxg7+ Qxg7 19. Nef4 Nc5 20. Qb4 b6 21. Qb2 Ne5
22. Rd4 Bb7 23. Nb4 g5 24. Nfd5 Kg8 25. Rbd1 Nxc4 26. Qe2 Ne5 27. Qh5 Ne6 28.
R4d2 Rad8 29. f4 exf3 30. Bxf3 g4 31. Be2 Ng5 32. Rc2 Bxd5 33. Nxd5 Nef3+ 34.
Kf2 Kh8 35. Rxc7 Qe5 36. Bxf3 Rxd5 37. Qxe8+ Qxe8 38. Bxd5 f4 39. exf4 Nh3+ 40.
Kf1 Qe3 41. Rc8+ Kg7 42. Rc7+ Kh8 43. Rc8+ Kg7 44. Rc7+ {Game drawn by mutual
agreement} 1/2-1/2

[Event "Team 45 45 League T49"]
[Site "Internet Chess Club"]
[Date "2011.06.14"]
[Round "5"]
[White "gaibo4ever"]
[Black "parmupill"]
[Result "0-1"]
[WhiteElo "2096"]
[BlackElo "2186"]
[Opening "French: advance variation"]
[ECO "C02"]
[Time "15:00:25"]
[TimeControl "2700+45"]

1. e4 e6 2. d4 d5 3. e5 c5 4. c3 Qb6 5. Nf3 Nc6 6. a3 Nh6 7. b4 cxd4 8. Bxh6
gxh6 9. cxd4 Bd7 10. Be2 Ne7 11. Nc3 Rc8 12. Qd2 Nf5 13. O-O Bg7 14. Rab1 O-O
15. a4 f6 16. Bb5 Bxb5 17. Nxb5 a6 18. Nc3 Rc4 19. a5 Qc7 20. Na4 fxe5 21. dxe5
Qf7 22. Nc5 Rg4 23. h3 Rg6 24. Nd3 Ne7 25. Kh1 Rxg2 26. Kxg2 Qxf3+ 27. Kh2 Ng6
28. Rg1 Kh8 29. Qe3 Qh5 30. f4 Nh4 31. Rbf1 Nf5 32. Qf3 Qf7 33. Rc1 h5 34. Qf2
Bh6 35. Qb6 Nh4 36. Rcf1 Qf5 37. Qe3 Ng6 38. Kh1 Rc8 39. Rc1 Rc4 40. Rxc4 dxc4
41. Nc5 Bxf4 42. Qf3 Nxe5 43. Qg2 Ng6 44. Nxb7 c3 45. Nc5 c2 46. Nb3 Qd3 47. Nc1
Qa3 48. Ne2 c1=Q 49. Nxc1 Bxc1 50. Qf1 Kg7 51. Rg2 Qxh3+ 52. Kg1 Be3+ 53. Rf2
Qg3+ 54. Qg2 Bxf2+ 55. Kf1 Qxg2+ {White resigns} 0-1

[Event "Team 45 45 League T49"]
[Site "Internet Chess Club"]
[Date "2011.06.13"]
[Round "5"]
[White "Tulihobu"]
[Black "screamingeagle"]
[Result "0-1"]
[WhiteElo "2097"]
[BlackElo "2043"]
[Opening "Dutch"]
[ECO "A80"]
[Time "16:00:23"]
[TimeControl "2700+45"]

1. d4 f5 2. Nf3 Nf6 3. g3 g6 4. Bg2 Bg7 5. O-O d6 6. b3 O-O 7. Bb2 e6 8. c4 Qe7
9. Nc3 Rd8 10. Qc2 Nc6 11. Rad1 Kh8 12. Qb1 a5 13. Rfe1 e5 14. dxe5 dxe5 15. Nd5
Nxd5 16. cxd5 Nb4 17. h4 Nxd5 18. Nxe5 c6 19. e4 fxe4 20. Bxe4 Qc7 21. h5 Bxe5
22. Bxd5 Bxb2 23. Bf7 Bd4 24. Rxd4 Rxd4 25. Re8+ Kg7 26. hxg6 Qd7 27. Rg8+ Kf6
28. gxh7 Rd1+ 29. Qxd1 Qxd1+ 30. Kg2 Bh3+ 31. Kh2 Kxf7 32. Rxa8 Qf1 {White
resigns} 0-1

[Event "Team 45 45 League T49"]
[Site "Internet Chess Club"]
[Date "2011.06.15"]
[Round "5"]
[White "Uragon-bocho"]
[Black "jefferyx"]
[Result "1/2-1/2"]
[WhiteElo "2005"]
[BlackElo "2006"]
[Opening "Queen's Indian: 4.e3"]
[ECO "E14"]
[Time "15:01:34"]
[TimeControl "2700+45"]

1. d4 Nf6 2. c4 e6 3. Nf3 b6 4. e3 Bb7 5. Bd3 Bb4+ 6. Bd2 Bxd2+ 7. Nbxd2 c5 8.
Qc2 Nc6 9. a3 Rc8 10. h4 cxd4 11. exd4 d5 12. c5 bxc5 13. dxc5 a5 14. Rb1 e5 15.
Bf5 Rc7 16. Qa4 O-O 17. O-O e4 18. Nd4 Nh5 19. g3 e3 20. N2f3 exf2+ 21. Kxf2 Qe7
22. Rbc1 g6 23. Rfe1 Qd8 24. Bd3 Qb8 25. Rg1 Ba8 26. Rc2 Re8 27. Nb5 Rce7 28.
Nd6 Rd8 29. Bb5 Ne5 30. Re2 Qa7 31. Qd4 Nxf3 32. Rxe7 Qxe7 33. Kxf3 Nf6 34. Kg2
Ne4 35. Re1 Qc7 36. b4 axb4 37. axb4 Nxd6 38. cxd6 Qxd6 39. Bd3 Bc6 40. b5 Bd7
41. b6 Rb8 42. Rb1 Qe6 43. b7 Bc6 44. Ba6 Qf5 45. Bd3 Qd7 46. Ba6 Qf5 47. Bd3
Qd7 48. Ba6 Qe8 49. Kf2 Qd7 50. Kg2 Qe8 51. Kf2 h5 52. Rb2 Qd8 53. Kg2 Qe8 54.
Kf2 Qe6 55. Qf4 Qe8 56. Rb6 Kg7 57. Rxc6 Qxc6 58. Qxb8 Qc5+ 59. Kf1 Qc1+ 60. Kf2
Qc5+ 61. Kf1 Qc1+ 62. Kf2 {Game drawn by mutual agreement} 1/2-1/2

[Event "Team 45 45 League T49"]
[Site "Internet Chess Club"]
[Date "2011.06.11"]
[Round "5"]
[White "chiiwen"]
[Black "rdmuhcu"]
[Result "1/2-1/2"]
[WhiteElo "2189"]
[BlackElo "2233"]
[Opening "Sicilian: Pelikan, Chelyabinsk variation"]
[ECO "B33"]
[Time "12:09:36"]
[TimeControl "2700+45"]

1. e4 c5 2. Nf3 Nc6 3. d4 cxd4 4. Nxd4 Nf6 5. Nc3 e5 6. Ndb5 d6 7. Bg5 a6 8. Na3
b5 9. Nd5 Be7 10. Bxf6 Bxf6 11. c3 O-O 12. Nc2 Bg5 13. a4 bxa4 14. Rxa4 a5 15.
Bc4 Rb8 16. b3 Kh8 17. O-O f5 18. exf5 Bxf5 19. Nce3 Bg6 20. Be2 Bf7 21. Nc4 e4
22. h3 Bg8 23. Ra3 Rf5 24. Nce3 Bxe3 25. Nxe3 Rc5 26. c4 Qf6 27. Qd2 Qf4 28. Rd1
Rf8 29. Bf1 Rd8 30. g3 Qe5 31. Bg2 d5 32. cxd5 Bxd5 33. Qe1 Re8 34. Kh2 Qb2 35.
Raa1 Bxb3 36. Rdb1 Qc3 37. Qxc3 Rxc3 38. Bf1 Re5 39. Ra3 Nd4 40. Bc4 Rxc4 41.
Raxb3 Rc8 42. Rb7 h6 43. Rd1 Rd8 44. Kg2 Kh7 45. Rc1 Rde8 46. Rc4 Nf3 47. Rcc7
Rg5 48. Kf1 Rd8 49. h4 Rg6 50. Ra7 Rb8 51. Rc1 Rb5 52. Ra1 Nd2+ 53. Kg2 Nb3 54.
Ra4 Re6 55. Rc4 Nc5 56. Nf5 Rg6 57. Nd4 Rb7 58. Rxa5 Nd3 59. Nf5 Re6 60. Ra2 Rf7
61. Ne3 Ne1+ 62. Kf1 Nf3 63. Re2 Rb7 64. Rc1 Rd6 65. Kg2 g6 66. Nf1 Rd4 67. Nh2
Rf7 68. Ng4 h5 69. Ne3 Rfd7 70. Rc4 Rxc4 71. Nxc4 Rd4 72. Ne3 g5 73. hxg5 Kg6
74. Nc2 Rc4 75. Ne1 Nxg5 76. f3 Kf5 77. fxe4+ Nxe4 78. Nf3 Rc3 79. Ra2 Rc1 80.
Ra5+ Nc5 81. Ra2 Nd3 82. Re2 Ra1 83. Nh4+ Kf6 84. Nf3 {Game drawn by mutual
agreement} 1/2-1/2

[Event "Team 45 45 League T49"]
[Site "Internet Chess Club"]
[Date "2011.06.12"]
[Round "5"]
[White "vnchess"]
[Black "DreamCatcher13"]
[Result "1-0"]
[WhiteElo "2144"]
[BlackElo "1840"]
[Opening "Queen's bishop game"]
[ECO "D02"]
[Time "16:05:59"]
[TimeControl "2700+45"]

1. d4 d5 2. Nf3 Nf6 3. Bf4 Bf5 4. e3 e6 5. Bd3 Bg6 6. O-O Bd6 7. Bg5 Bh5 8. Nbd2
O-O 9. c4 c5 10. cxd5 exd5 11. dxc5 Bxc5 12. Qc2 Nbd7 13. Bxh7+ Kh8 14. Bf5 Be7
15. Rac1 Re8 16. Qa4 Nc5 17. Qh4 g6 18. Rxc5 {Black resigns} 1-0

[Event "Team 45 45 League T49"]
[Site "Internet Chess Club"]
[Date "2011.06.16"]
[Round "5"]
[White "SlimeDog2"]
[Black "Atlantis"]
[Result "1-0"]
[WhiteElo "2099"]
[BlackElo "1887"]
[Opening "QGD semi-Slav: 5.e3"]
[ECO "D45"]
[Time "20:17:00"]
[TimeControl "2700+45"]

1. d4 d5 2. Nf3 e6 3. c4 c6 4. e3 Nf6 5. Nc3 Be7 6. Bd3 O-O 7. O-O Nbd7 8. e4
dxe4 9. Nxe4 Nxe4 10. Bxe4 Nf6 11. Bc2 c5 12. Qd3 cxd4 13. Bg5 g6 14. Rad1 Ng4
15. Bxe7 Qxe7 16. Qxd4 e5 17. Rfe1 exd4 18. Rxe7 Rd8 19. Rxd4 Be6 20. Rxb7 Rxd4
21. Nxd4 Bxc4 22. Nc6 Re8 23. Rb8 Rxb8 24. Nxb8 Bxa2 25. Nc6 a6 26. b3 a5 27.
Nxa5 Nf6 28. Kf1 Nd5 29. Ke2 Nb4 30. Kd2 Kf8 31. Kc3 Nd5+ 32. Kc4 Nb6+ 33. Kb4
Nd5+ 34. Ka3 Nc3 35. Kb2 {Black resigns} 1-0

[Event "Team 45 45 League T49"]
[Site "Internet Chess Club"]
[Date "2011.06.12"]
[Round "5"]
[White "NFork"]
[Black "cacheboy"]
[Result "0-1"]
[WhiteElo "2264"]
[BlackElo "2465"]
[Opening "Sicilian: Alapin's variation (2.c3)"]
[ECO "B22"]
[Time "15:03:45"]
[TimeControl "2700+45"]

1. e4 c5 2. c3 g6 3. Bc4 Nf6 4. e5 d5 5. exf6 dxc4 6. Qa4+ Nc6 7. Nf3 Qd3 8. Na3
Bh3 9. gxh3 Qe4+ 10. Kf1 Qxf3 11. Rg1 Qxh3+ 12. Rg2 exf6 13. Qxc4 O-O-O 14. d4
cxd4 15. Nb5 Bc5 16. Bf4 dxc3 17. b4 Qf3 18. Nxc3 Bd4 19. Bd2 Bxf2 20. Rxf2 Qh1+
21. Ke2 Rhe8+ 22. Be3 Qxa1 23. b5 Qc1 24. Qc5 Rd4 25. Ne4 Qd1# {White
checkmated} 0-1

[Event "Team 45 45 League T49"]
[Site "Internet Chess Club"]
[Date "2011.06.12"]
[Round "5"]
[White "QueensCounselor"]
[Black "TheChessKid"]
[Result "1/2-1/2"]
[WhiteElo "2159"]
[BlackElo "2191"]
[Opening "Nimzo-Indian: classical variation"]
[ECO "E32"]
[Time "14:00:21"]
[TimeControl "2700+45"]

1. d4 Nf6 2. c4 e6 3. Nc3 Bb4 4. Qc2 O-O 5. a3 Bxc3+ 6. Qxc3 d5 7. Bg5 dxc4 8.
Qxc4 b6 9. f3 Ba6 10. Qc3 Nbd7 11. e3 Bxf1 12. Kxf1 c5 13. Ne2 Qc8 14. Rc1 Qa6
15. Kf2 cxd4 16. Qxd4 h6 17. Bxf6 Nxf6 18. Rhd1 Rac8 19. Rxc8 Rxc8 20. Nc3 Qa5
21. Rd2 Qh5 22. h3 Qf5 23. e4 Qg5 24. Qe3 Qh4+ 25. Kg1 Nh5 26. Qf2 Qg5 27. Kh2
Qf4+ 28. Kg1 Qg5 29. Kh2 Qf4+ 30. Kg1 {Game drawn by mutual agreement} 1/2-1/2

[Event "Team 45 45 League T49"]
[Site "Internet Chess Club"]
[Date "2011.06.09"]
[Round "5"]
[White "demo05"]
[Black "Deckfuel"]
[Result "1-0"]
[WhiteElo "2065"]
[BlackElo "1885"]
[Opening "Scandinavian defense"]
[ECO "B01"]
[Time "07:00:07"]
[TimeControl "2700+45"]

1. e4 d5 2. exd5 Nf6 3. d4 Bg4 4. f3 Bf5 5. Bb5+ Nbd7 6. c4 a6 7. Bxd7+ Qxd7 8.
Nc3 O-O-O 9. Nge2 e6 10. dxe6 Qxe6 11. d5 Qb6 12. a3 Bc5 13. b4 Bf2+ 14. Kf1
Rhe8 15. c5 Bxc5 16. bxc5 Qxc5 17. Qd4 Qe7 18. Bg5 c6 19. Rc1 Rxd5 20. Qxd5
Qxe2+ 21. Nxe2 Nxd5 22. Kf2 Kc7 23. Rhd1 Nb6 24. Nd4 Bd7 25. Nb3 Na4 26. Rd4 b5
27. Bf4+ Kc8 28. Rd6 Re6 29. Rxe6 fxe6 30. Be5 g6 31. Bd4 Kc7 32. Ke3 Kd6 33.
Ke4 Bc8 34. g4 Bb7 35. Nc5 Nxc5+ 36. Bxc5+ Kc7 37. Ke5 Bc8 38. Kf6 {Black
resigns} 1-0

[Event "Team 45 45 League T49"]
[Site "Internet Chess Club"]
[Date "2011.06.09"]
[Round "5"]
[White "Portola"]
[Black "LazyPeon"]
[Result "1-0"]
[WhiteElo "1743"]
[BlackElo "1699"]
[Opening "King's Indian: London system"]
[ECO "A48"]
[Time "16:00:39"]
[TimeControl "2700+45"]

1. d4 Nf6 2. Nf3 g6 3. Bf4 Bg7 4. h3 O-O 5. e3 d6 6. Bc4 Nbd7 7. Nbd2 c5 8. c3
b6 9. O-O Bb7 10. Qe2 Qc7 11. Rfc1 e5 12. dxe5 dxe5 13. Bh2 Rfe8 14. Ng5 Re7 15.
Rd1 Rae8 16. Bxf7+ Rxf7 17. Nxf7 Kxf7 18. Nf3 Kg8 19. Qc4+ Bd5 20. Rxd5 Nxd5 21.
Qxd5+ Kh8 22. Ng5 h6 23. Ne6 Qc8 24. Nxg7 Kxg7 25. Rd1 Nf6 26. Bxe5 Qf5 27. Qd7+
{Black resigns} 1-0

[Event "Team 45 45 League T49"]
[Site "Internet Chess Club"]
[Date "2011.06.13"]
[Round "5"]
[White "ticopatzer"]
[Black "rubo"]
[Result "1-0"]
[WhiteElo "1677"]
[BlackElo "1717"]
[Opening "Caro-Kann: advance variation"]
[ECO "B12"]
[Time "19:06:28"]
[TimeControl "2700+45"]

1. e4 c6 2. d4 d5 3. e5 Bf5 4. Nf3 e6 5. Be2 Nd7 6. O-O c5 7. Be3 Qb6 8. b3 Ne7
9. Nc3 cxd4 10. Bxd4 Qd8 11. Na4 Nc6 12. c4 dxc4 13. Bxc4 Bg4 14. Be2 Be7 15.
Bb2 O-O 16. Qd3 Rb8 17. Qe4 Bf5 18. Qf4 f6 19. exf6 Bxf6 20. Bxf6 Rxf6 21. Qg3
Rg6 22. Qf4 Rf6 23. Qg3 Be4 24. Rad1 Qe7 25. Nc3 Bxf3 26. Bxf3 e5 27. Nd5 Qe8
28. Nxf6+ Nxf6 29. Bxc6 bxc6 30. Rfe1 Rb5 31. Rd6 Rd5 32. Rxf6 Qd8 33. Rf5 g6
34. Rfxe5 Rd1 35. Qe3 Rxe1+ 36. Qxe1 Qd3 37. Re8+ Kg7 38. Qe7+ Kh6 39. Qh4+ Kg7
40. Re7+ Kf8 41. Qf6+ {Black resigns} 1-0

[Event "Team 45 45 League T49"]
[Site "Internet Chess Club"]
[Date "2011.06.13"]
[Round "5"]
[White "g8wrb"]
[Black "beitmery"]
[Result "0-1"]
[WhiteElo "1361"]
[BlackElo "1606"]
[Opening "Scandinavian: Pytel-Wade variation"]
[ECO "B01"]
[Time "07:32:36"]
[TimeControl "2700+45"]

1. e4 d5 2. exd5 Qxd5 3. Nc3 Qd6 4. d4 Nf6 5. Nf3 a6 6. g3 Bg4 7. Bg2 e6 8. Bf4
Qb6 9. Rb1 Bd6 10. Be3 Nd5 11. Nxd5 exd5 12. O-O O-O 13. Qd3 Qb5 14. Qxb5 axb5
15. a3 Nd7 16. Rfe1 c6 17. Ng5 Bf5 18. Re2 h6 19. Nh3 b4 20. axb4 Bxb4 21. Rd1
Ra2 22. Rb1 Nb6 23. Nf4 Nc4 24. Nd3 Bd6 25. Bc1 Rfa8 26. Nc5 Bxc5 27. dxc5 Ra1
28. Rxa1 Rxa1 29. Re1 Bxc2 30. b4 Rb1 31. Bf3 Rxb4 32. Be3 Nxe3 33. Rxe3 d4 34.
Re8+ Kh7 35. Be4+ Bxe4 36. Rxe4 Rc4 37. Kf1 Rxc5 38. Rxd4 Rd5 39. Rc4 Kg6 40.
Ke2 Kf5 41. Ke3 g5 42. g4+ Ke6 43. Ke4 f5+ 44. gxf5+ Rxf5 45. f3 Rf4+ {White
resigns} 0-1

[Event "Team 45 45 League T49"]
[Site "Internet Chess Club"]
[Date "2011.06.11"]
[Round "5"]
[White "Rapidcitychess"]
[Black "AtomicDog"]
[Result "1-0"]
[WhiteElo "1553"]
[BlackElo "1450"]
[Opening "Sicilian"]
[ECO "B50"]
[Time "13:01:03"]
[TimeControl "2700+45"]

1. e4 c5 2. Nf3 d6 3. d3 Nc6 4. Nc3 Nf6 5. Be2 e6 6. Bg5 Be7 7. Qd2 a6 8. d4
cxd4 9. Nxd4 Nxd4 10. Qxd4 Nd7 11. Qxg7 Bf6 12. Bxf6 Qxf6 13. Qxf6 Nxf6 14.
O-O-O Ke7 15. Na4 Nd7 16. Rd2 b5 17. Nc3 Rd8 18. Rhd1 Bb7 19. Rxd6 Nc5 20. Rd7+
Rxd7 21. Rxd7+ Kxd7 22. f3 Ke7 23. b4 Na4 24. Nxa4 bxa4 25. a3 Rd8 26. c4 Rd4
27. c5 Bc6 28. Bxa6 Kd7 29. Kc2 Kc7 30. Kc3 Rd8 31. b5 Ba8 32. b6+ Kc6 33. Kc4
Bb7 34. Bb5# {Black checkmated} 1-0

[Event "Team 45 45 League T49"]
[Site "Internet Chess Club"]
[Date "2011.06.11"]
[Round "5"]
[White "Packerfan"]
[Black "rayngrant"]
[Result "1-0"]
[WhiteElo "1791"]
[BlackElo "1584"]
[Opening "French: Winawer, advance, Bogolyubov variation"]
[ECO "C17"]
[Time "10:05:08"]
[TimeControl "2700+45"]

1. e4 e6 2. d4 d5 3. Nc3 Bb4 4. e5 c5 5. Bd2 cxd4 6. Nb5 Be7 7. Qg4 g6 8. Nf3
Nc6 9. Nbxd4 Nxd4 10. Qxd4 Qc7 11. Bd3 Bd7 12. Ng5 h6 13. Nf3 O-O-O 14. Qxa7 Qb8
15. Qb6 Qc7 16. Ba5 Qxb6 17. Bxb6 Re8 18. a4 Bf8 19. Bb5 Bxb5 20. axb5 Ne7 21.
Ra7 Kb8 22. Bd4 Nc8 23. Ra4 Be7 24. b6 Bd8 25. Rb4 Ne7 26. Bc5 Nc6 27. Ra4 Be7
28. b4 Bxc5 29. bxc5 Kc8 30. Ke2 Kd7 31. Rha1 Rhf8 32. h3 f5 33. exf6 Rxf6 34.
Ra8 Rff8 35. Rxe8 Rxe8 36. c3 e5 37. Rd1 Ke6 38. Rd2 Ra8 39. Nh4 g5 40. Nf3 Ra5
41. c4 d4 42. Rb2 Rxc5 43. Nd2 Kf5 44. Ra2 Nb4 45. Ra7 d3+ 46. Ke3 e4 47. Nxe4
Re5 48. g4+ Ke6 49. Rxb7 d2 50. Kxd2 Rxe4 51. c5 Nc6 52. Rh7 Kd5 53. Rxh6 Kxc5
54. b7 Rd4+ 55. Ke3 Rd7 56. Rxc6+ {Black resigns} 1-0

[Event "Team 45 45 League T49"]
[Site "Internet Chess Club"]
[Date "2011.06.13"]
[Round "5"]
[White "Constrictor"]
[Black "otherook"]
[Result "1/2-1/2"]
[WhiteElo "1615"]
[BlackElo "1771"]
[Opening "King's Indian: Smyslov system"]
[ECO "E61"]
[Time "17:00:18"]
[TimeControl "2700+45"]

1. Nf3 Nf6 2. d4 g6 3. c4 Bg7 4. Nc3 d6 5. Bg5 c6 6. e4 Qc7 7. Be2 e5 8. Qd2 O-O
9. Bh6 Re8 10. Bxg7 Kxg7 11. dxe5 dxe5 12. O-O-O Na6 13. h4 Bg4 14. Nh2 Rad8 15.
Qe3 Rxd1+ 16. Rxd1 Bxe2 17. Qxe2 Rd8 18. g4 Rxd1+ 19. Qxd1 Qd7 20. Qxd7 {Game
drawn by mutual agreement} 1/2-1/2

[Event "Team 45 45 League T49"]
[Site "Internet Chess Club"]
[Date "2011.06.14"]
[Round "5"]
[White "mongmong"]
[Black "LTWilly"]
[Result "0-1"]
[WhiteElo "1599"]
[BlackElo "1468"]
[Opening "King's Indian: East Indian defense"]
[ECO "A48"]
[Time "19:13:18"]
[TimeControl "2700+45"]

1. d4 Nf6 2. Nf3 g6 3. e3 Bg7 4. Be2 O-O 5. O-O d6 6. c4 c5 7. Nc3 Nc6 8. d5 Na5
9. e4 Bg4 10. Be3 Bxf3 11. gxf3 Nd7 12. Qd2 Ne5 13. b3 b6 14. f4 Nd7 15. Rac1
Nf6 16. e5 Ne8 17. exd6 Nxd6 18. Bg4 f5 19. Bh3 a6 20. Bg2 Rc8 21. Na4 Re8 22.
Rc2 Nab7 23. Rfc1 Ne4 24. Bxe4 fxe4 25. b4 Qc7 26. bxc5 Nxc5 27. Nxc5 bxc5 28.
Rb1 Rb8 29. Rcc1 Bh6 30. Qc2 Bxf4 31. Qxe4 Bxh2+ 32. Kg2 Bd6 33. Rxb8 Qxb8 34.
Rh1 e6 35. dxe6 Qc8 36. e7 Rxe7 37. Qd5+ Qe6 38. Qa8+ Re8 39. Qxa6 Qg4+ 40. Kf1
Rb8 41. Qa3 Qxc4+ 42. Kg2 Qg4+ 43. Kf1 Qf3 44. Rh4 Rb1+ 45. Bc1 Qxa3 {White
resigns} 0-1

[Event "Team 45 45 League T49"]
[Site "Internet Chess Club"]
[Date "2011.06.13"]
[Round "5"]
[White "FractalDante"]
[Black "seattleblues"]
[Result "1-0"]
[WhiteElo "1524"]
[BlackElo "1470"]
[Opening "French: Fort Knox variation"]
[ECO "C10"]
[Time "21:20:39"]
[TimeControl "2700+45"]

1. e4 e6 2. d4 d5 3. Nc3 dxe4 4. Nxe4 Bd7 5. Nf3 Bc6 6. Bd3 Nd7 7. Qe2 Ngf6 8.
Bg5 Be7 9. O-O-O Bxe4 10. Bxe4 Nxe4 11. Bxe7 Qxe7 12. Qxe4 O-O-O 13. Rhe1 Nf6
14. Qe2 Nd5 15. Ne5 f6 16. Nd3 Rd6 17. Nc5 Re8 18. Qf3 Rb6 19. c3 f5 20. Rd2 Qg5
21. Qxd5 Rd8 22. Qf3 c6 23. Nxe6 Qe7 24. Qxf5 Kb8 25. Qe5+ Qd6 26. Nxd8 {Black
resigns} 1-0

[Event "Team 45 45 League T49"]
[Site "Internet Chess Club"]
[Date "2011.06.11"]
[Round "5"]
[White "zepled37"]
[Black "rook9999"]
[Result "1-0"]
[WhiteElo "1659"]
[BlackElo "1662"]
[Opening "Sicilian: Taimanov variation"]
[ECO "B48"]
[Time "15:07:03"]
[TimeControl "2700+45"]

1. e4 c5 2. Nf3 Nc6 3. d4 cxd4 4. Nxd4 Qc7 5. Nc3 e6 6. Be3 a6 7. Bd3 Be7 8. O-O
Nf6 9. Nb3 e5 10. f4 exf4 11. Bxf4 Qb6+ 12. Kh1 d6 13. Qe1 O-O 14. Nd5 Qd8 15.
Nxe7+ Qxe7 16. Bg5 Qe5 17. Qh4 Nb4 18. Rxf6 Nxd3 19. cxd3 gxf6 20. Bxf6 Qxf6 21.
Qxf6 Be6 22. Rf1 h5 {Black resigns} 1-0